 Dungeon Crawl Stone Soup version 0.27.0-1-g7a089689b8 (webtiles) character file.

Game seed: 968718482976097746

191 Strat the Chopper (level 5, 0/47 HPs)
             Began as a Minotaur Fighter on Aug 13, 2021.
             Slain by an orc wizard (4 damage)
             ... on level 4 of the Dungeon.
             The game lasted 00:05:21 (1138 turns).

Strat the Chopper (Minotaur Fighter)                Turns: 1138, Time: 00:05:21

Health: 0/47       AC:  7    Str: 21    XL:     5   Next: 41%
Magic:  4/4        EV:  7    Int:  5    God:
Gold:   78         SH:  0    Dex: 10    Spells: 4/4 levels left

rFire    . . .     SeeInvis .   a - +0 war axe
rCold    . . .     Faith    .   c - +0 kite shield
rNeg     . . .     Spirit   .   h - +0 scale mail
rPois    .         Reflect  .   (helmet restricted)
rElec    .         Harm     .   (no cloak)
rCorr    .         Rampage  .   (no gloves)
Will     .....                  (no boots)
Stlth    ..........             (no amulet)
HPRegen  0.15/turn              (no ring)
MPRegen  0.09/turn              (no ring)

@: confused, mighty, lethally poisoned (0 -> -5)
A: horns 2, retaliatory headbutt
a: no special abilities


You were on level 4 of the Dungeon.
You visited 1 branch of the dungeon, and saw 4 of its levels.

You collected 78 gold pieces.

Inventory:

Hand Weapons
 a - a +0 war axe (weapon)
 b - a +0 hunting sling
Missiles
 f - 28 poisoned darts (quivered)
 g - 36 stones
 l - 10 sling bullets
Armour
 c - a +0 kite shield (worn)
 h - a +0 scale mail (worn)
 m - a +0 pair of boots
Wands
 e - a wand of digging (7)
Scrolls
 i - a scroll of blinking {unknown}
Potions
 j - a potion of haste
 k - 2 potions of lignification


   Skills:
 + Level 4.6 Fighting
 * Level 4.7 Axes
 + Level 4.6 Armour
 + Level 4.6 Shields


You had 4 spell levels left.
You didn't know any spells.
Your spell library was empty.

Dungeon Overview and Level Annotations

Branches:
Dungeon (4/15)
 Temple: D:4-7

Altars:
Wu Jian
Zin

Shops:
D:4 *


Innate Abilities, Weirdness & Mutations

You have a pair of horns on your head.
You reflexively headbutt those who attack you in melee.


Message History

The orc shouts!
Things that are here:
a +0 dagger; a +0 ring mail; an emerald potion You see here a +0 hand axe.
You hit the orc. You headbutt the orc.
You kill the orc!
Something hits you but does no damage.
You are poisoned.
Something blocks your attack.
You feel sick. Something hits you.
* * * LOW HITPOINT WARNING * * *
Something blocks your attack.
You feel sick.
You hear some strange, mumbled words.
A magic dart appears from out of thin air!
The magic dart hits you!
* * * LOW HITPOINT WARNING * * *
You block something's attack.
You barely miss something. Something blocks your attack.
You feel sick. Something hits you but does no damage.
You barely miss something. Something blocks your attack.
You feel sick.
You are no longer poisoned.
You hear some strange, mumbled words.
A magic dart appears from out of thin air!
The magic dart hits you.
* * * LOW HITPOINT WARNING * * *
Something hits you.
* * * LOW HITPOINT WARNING * * *
You are lethally poisoned!
You feel very mighty all of a sudden.
* * * LOW HITPOINT WARNING * * *
You feel very sick.
You hear some strange, mumbled words.
Something tries to affect you, but you resist.
Something blocks your attack.
* * * LOW HITPOINT WARNING * * *
You feel very sick.
You hear some strange, mumbled words.
You are confused.
* * * LOW HITPOINT WARNING * * *
You feel sick. Something hits you.
You die...

,* #..>....#,* *,,,,,***
,**#####.....#.#.######**,,,,,*,,
,,....<........#.......********,*
,*######.<.....#.....#,* *,* ,*
######..#.....#,* *,* ,*
#..#.....#,********+* ,*
#..#.....#,,,,,,,,,,, ,*
#..#{....#,,,,,,,,,,,
,***********#.))@....#,,,,,,,,,,,
,,,,,,,,,,,*##.##'####,,,,,,,,,,,
,,,,,,,,,,,* #..,.# *,**********
*,,,,,,,,,,* ###### *,**********
*,,,,,,,,,,*** *,**,,,,,,,*
+,,,,,>,,,,,,* *,**,,,,,,,+
*,,,,,,,,,,*,* *,**,,,,,,,*
*,,,,,,,,,**,* *,********,*
,,*,*****,**,* *,* *,*


There were no monsters in sight!

Vanquished Creatures
  A scorpion (D:4)
  An iguana (D:4)
  A hound skeleton (D:4)
  3 gnolls (D:3)
  3 adders
  2 dart slugs
  5 orcs
  4 endoplasms
  A giant cockroach (D:2)
  4 goblins (D:2)
  2 ball pythons
  5 bats
  4 frilled lizards (D:2)
  A rat (D:2)
37 creatures vanquished.

Notes
Turn   | Place    | Note
-------+----------+-------------------------------------------
     0 | D:1      | Strat the Minotaur Fighter began the quest for the Orb.
     0 | D:1      | Reached XP level 1. HP: 19/19 MP: 0/0
     4 | D:1      | You fall into a shaft and drop 1 floor!
   217 | D:2      | Reached XP level 2. HP: 17/27 MP: 1/1
   591 | D:3      | Reached XP level 3. HP: 33/33 MP: 2/2
   719 | D:3      | Reached XP level 4. HP: 40/40 MP: 3/3
   865 | D:3      | Found a glowing silver altar of Zin.
   906 | D:3      | Found an ornate altar of the Wu Jian Council.
   989 | D:4      | Noticed a scorpion
  1010 | D:4      | Killed a scorpion
  1011 | D:4      | Reached XP level 5. HP: 39/47 MP: 4/4
  1058 | D:4      | Found Koryhic's General Store.
  1138 | D:4      | Slain by an orc wizard

Illustrated notes

Levels and vault maps discovered:
D:1:      dpeg_arrival_simpleton_c, layout_basic, basic_ecumenical_altar,
          serial_shops, nicolae_shop_statue_plus, minivault_24
D:2:      layout_basic, hex_tiny, minmay_small_reverse_x
D:3:      layout_loops_ring, mainiacjoe_overflow_six_doors_small,
          nicolae_wu_jian_immortal_techniques, minmay_overflow_temple_star_quad
D:4:      layout_basic, serial_shops, kennysheep_mini, nicolae_square_shop

Skill      XL: |  1  2  3  4 |
---------------+-------------+-----
Axes           | 3 4 |  4.7
Armour         | 4 |  4.6
Shields        | 4 |  4.6
Fighting       | 4 |  4.6

Action                   |  1- 3 |  4- 6 || total
-------------------------+-------+-------++-------
Melee: War axe           |    46 |    39 ||    85
       Headbutt          |     2 |     8 ||    10
 Fire: Hunting sling     |    17 |       ||    17
  Use: Scroll            |       |     4 ||     4
       Potion            |       |     1 ||     1
Armor: Scale mail        |    28 |     8 ||    36
Dodge: Dodged            |    27 |    10 ||    37
Block: Kite shield       |    31 |    14 ||    45
